 Dungeon Crawl Stone Soup version 0.31-a0-221-gbddc013574 (webtiles) character file.

Game seed: 3637683115670907473

32248 Ijustatesigmund the Tainter (level 13, -7/81 HPs)
             Began as an Octopode Venom Mage on July 4, 2023.
             Was a High Priest of Vehumet.
             Mangled by a shadow (24 damage)
             ... in a Gauntlet.
             The game lasted 00:52:34 (27296 turns).

Ijustatesigmund the Tainter (Octopode Venom Mage)  Turns: 27296, Time: 00:52:35

Health: -7/81      AC:  1    Str: 14    XL:     13   Next: 63%
Magic:  17/26      EV: 14    Int: 22    God:    Vehumet [*****.]
Gold:   913        SH:  0    Dex: 12    Spells: 0/30 levels left

rFire   . . .        m - +5 dire flail (protect)
rCold   . . .        (shield currently unavailable)
rNeg    . . .        (helmet restricted)
rPois   .            A - amulet of the acrobat
rElec   .            t - +6 ring of strength
rCorr   .            (no ring)
SInv    .            (no ring)
Will    .....        (no ring)
Stlth   +++          (no ring)
HPRegen 0.33/turn    (no ring)
MPRegen 0.20/turn    (no ring)
                     (no ring)

%: no teleportation, acrobat, clarity
@: no status effects
A: almost no armour, amphibious, 8 rings, camouflage 1, gelatinous body 1,
(nimble swimmer 1), tentacles, clarity, passive freeze, subdued magic 1
a: Renounce Religion


You were in a Gauntlet.
You worshipped Vehumet.
Vehumet was extremely pleased with you.
You visited 3 branches of the dungeon, and saw 16 of its levels.
You also visited: Ossuary and Gauntlet.

You collected 1303 gold pieces.
You spent 390 gold pieces at shops.

Inventory:

Hand Weapons
 m - a +5 dire flail of protection (weapon)
 B - the +9 scimitar "Sesis" {freeze, Int+3 Dex+3}
   (You bought it in a shop on level 1 of the Dungeon)

   Int:       It affects your intelligence (+3).
   Dex:       It affects your dexterity (+3).
Missiles
 g - 2 throwing nets
Armour
 f - a +0 buckler
Jewellery
 b - an amulet of magic regeneration
 t - a +6 ring of strength (left tentacle)
 A - an amulet of the acrobat (around mantle)
 G - an amulet of regeneration
Wands
 k - a wand of paralysis (1)
 o - a wand of mindburst (10)
 s - a wand of acid (11)
 v - a wand of polymorph (8)
 z - a wand of digging (3)
 C - a wand of flame (16)
 H - a wand of roots (3)
Scrolls
 h - a scroll of amnesia
 i - a scroll of enchant weapon
 j - a scroll of blinking
 l - 3 scrolls of poison
 p - 2 scrolls of fog
 q - a scroll of teleportation
 y - 3 scrolls of enchant armour
Potions
 a - a potion of magic
 c - 2 potions of heal wounds
 d - 2 potions of mutation
 e - a potion of resistance
 n - a potion of curing
 r - 8 potions of lignification
 u - a potion of might
 w - 5 potions of degeneration
 x - 2 potions of cancellation
 D - a potion of invisibility
 E - a potion of enlightenment {unknown}
 F - a potion of brilliance


   Skills:
 - Level 5.0 Fighting
 - Level 4.2 Maces & Flails
 - Level 3.9 Dodging
 - Level 2.6 Stealth
 - Level 2.2 Shields
 + Level 9.4 Spellcasting
 + Level 8.8 Conjurations
 - Level 8.2 Necromancy
 - Level 3.0 Translocations
 - Level 4.0 Transmutations
 + Level 6.7 Fire Magic
 + Level 8.7 Air Magic
 + Level 11.2 Poison Magic
 - Level 1.1 Evocations


You couldn't memorise any spells.
You knew the following spells:

 Your Spells              Type           Power      Damage    Failure   Level
a - Fireball              Conj/Fire      17%        3d9       1%          5
b - Poisonous Vapours     Pois/Air       82%        N/A       1%          2
c - Mephitic Cloud        Conj/Pois/Air  40%        N/A       1%          3
d - Olgreb's Toxic Radia  Pois           45%        N/A       1%          4
e - Ignite Poison         Fire/Tmut/Pois 32%        N/A       1%          3
f - Dispel Undead         Necr           36%        3d15      1%          4
g - Magic Dart            Conj           100%       1d8       1%          1
h - Blink                 Tloc           36%        N/A       1%          2
i - Starburst             Conj/Fire      17%        6d6       10%         6

Your spell library contained the following spells:

 Spells                   Type           Power      Damage    Failure   Level
 Airstrike                Air            18%        2d(3-19)  1%          4
 Foxfire                  Conj/Fire      100%       2x1d9     1%          1
 Sting                    Tmut/Pois      100%       1d8       1%          1
 Cigotuvi's Dreadful Rot  Necr/Pois/Air  78%        N/A       1%          2
 Lesser Beckoning         Tloc           36%        N/A       1%          2
 Momentum Strike          Conj/Tloc      54%        3d9       1%          2
 Vhi's Electric Charge    Tloc/Air       54%        N/A       1%          3
 Sticky Flame             Conj/Fire      34%        2d5       1%          4
 Arcjolt                  Conj/Air       18%        1d28      1%          5
 Frozen Ramparts          Ice            14%        1d3       4%          3
 Portal Projectile        Hex/Tloc       26%        N/A       9%          3
 Plasma Beam              Fire/Air       17%        2x1d28    10%         6
 Call Canine Familiar     Summ           7%         N/A       16%         3
 Ice Form                 Ice/Tmut       14%        N/A       24%         4
 Death Channel            Necr           18%        N/A       28%         6
 Leda's Liquefaction      Hex/Erth       3%         N/A       50%         4
 Summon Ice Beast         Ice/Summ       7%         N/A       50%         4
 Maxwell's Capacitive Co  Air            18%        ∞         92%         8
 Ignition                 Fire           15%        3d6       99%         8


Dungeon Overview and Level Annotations

Branches:
Dungeon (12/15)            Temple (1/1) D:6            Lair (3/5) D:8
 Shoals (0/4) Lair:3       Spider (0/4) Lair:3          Orc (0/2) D:11
Ossuary (visited)         Gauntlet (1/1)

Altars:
Ashenzari
Cheibriados
Dithmenos
Elyvilon
Fedhas
Gozag
Hepliaklqana
Kikubaaqudgha
Makhleb
Nemelex Xobeh
Okawaru
Qazlal
Ru
Sif Muna
Trog
Uskayaw
Vehumet
Wu Jian
Xom
Yredelemnul
Zin
The Shining One

Shops:
D:1 *

Annotations:
Gauntlet 7 transporters


Innate Abilities, Weirdness & Mutations

You cannot wear most types of armour.
You are amphibious.
You can wear up to eight rings at the same time.
Your skin changes colour to match your surroundings (Stealth+).
Your rubbery body absorbs attacks. (AC +1, EV +1)
((You are camouflaged when in or above water. (Stealth+)))
You have tentacles for arms and can constrict up to eight enemies at once.
You possess an exceptional clarity of mind.
A frigid envelope surrounds you and freezes all who hurt you.
Your spells are a little easier to cast, but a little less powerful.


Message History

The shadow flickers and vanishes!
Deactivating autopickup; reactivate with Ctrl-A.
The shadow enters a dispersal trap!
The shadow blinks! x2; You blink.
You become entangled in the net!
The shadow blinks!
The shadow slips into darkness.
The shadow flickers and vanishes!
Unknown command.
You struggle against the net.
The shadow strikes at you from the darkness!
Reactivating autopickup.
The shadow completely resists.
The shadow slips into darkness.
The shadow flickers and vanishes!
Deactivating autopickup; reactivate with Ctrl-A.
Casting: Dispel Undead (dangerous; 1% risk of failure)
Confirm with . or Enter, or press ? or * to list all spells.
Aiming: Dispel Undead (dangerous; 1% risk of failure)
Press: ? - help, Shift-Dir - straight line, f - shadow
Aim: a shadow (100% to hit)
The shadow is dispelled!!
You destroy the shadow!
Vehumet accepts your kill.
You feel your power returning.
You tear a large gash into the net.
The shadow strikes at you from the darkness!
Reactivating autopickup.
The shadow completely resists.
You rip the net and break free!
The shadow misses you. The shadow completely misses you.
Casting: Dispel Undead (dangerous; 1% risk of failure)
Confirm with . or Enter, or press ? or * to list all spells.
Aiming: Dispel Undead (dangerous; 1% risk of failure)
Press: ? - help, Shift-Dir - straight line, f - shadow
Aim: a shadow (100% to hit)
The shadow is dispelled!!
The shadow strikes at you from the darkness!
* * * LOW HITPOINT WARNING * * *
The shadow completely resists.
The shadow strikes at you from the darkness!
You die...

###...8.#...#...≈8≈...........
#8#.....#.©.#....≈............
###..###########...###########
#..#^........#.8.#....©....#
###..#.....^...#...#.#.#.#.#.#
#8#..#.........#####..#.#.#..#
###..#/^.......#...#.#.#.#.#.#
#..#©...©....#©.©#..#.©.#..#
###..#[.....W@.#...#.#.#.#.#.#
#8#..#.^.....W.#####..#.#.#..#
###..#...^.....#...#.#.#.#.#.#
#..#.^.......#.8.#.........#
###..###########...###########
#8#.....................©.....
###≈..........................
############################
#8# #8# #8# #8# #8# #8# #8#


You could see 2 shadows.

Vanquished Creatures
  A hydra (Lair:2)
  Erica (D:9)
  3 boulder beetles
  A two-headed ogre (D:8)
  4 death yaks (Lair:3)
  Pikel (D:6)
  A deep elf pyromancer (D:12)
  An ugly thing (D:12)
  3 cyclopes (D:12)
  A gargoyle (D:11)
  8 cane toads
  A kobold demonologist (D:9)
  4 komodo dragons
  A hornet (D:9)
  3 trolls
  2 polar bears
  4 dream sheep (Lair:1)
  7 slime creatures
  Sigmund (D:3)
  4 shadows (Gauntlet)
  3 wyverns
  Grum (D:9)
  4 wraiths
  45 yaks
  4 basilisks
  2 steam dragons
  Menkaure (D:7)
  8 vampire mosquitoes
  Edmund (D:5)
  2 acid dragons
  10 water moccasins
  5 orc warriors
  Duvessa (D:5)
  5 ice beasts
  2 sky beasts
  9 wolves
  5 centaurs
  4 lemures (D:6)
  10 kobold brigands
  An elf zombie (Ossuary)
  3 bullfrogs
  2 gnoll sergeants
  Dowan (D:5)
  6 killer bees (D:9)
  2 howler monkeys
  2 centaur zombies (Ossuary)
  3 hounds
  3 jellies
  Crazy Yiuf (D:3)
  A gnoll bouda (D:8)
  6 orc priests
  Ijyb (D:5)
  Natasha (thrice) (D:3)
  Terence (D:3)
  9 orc wizards
  2 sleepcaps
  4 iguanas
  3 mummies
  14 gnolls
  7 adders
  3 shadow imps
  5 white imps
  An adder zombie (Ossuary)
  A worm (D:2)
  32 orcs
  5 ball pythons
  4 bats
  9 endoplasms
  4 giant cockroaches
  6 goblins
  6 hobgoblins
  6 jackals
  A quokka (D:2)
  4 frilled lizards
  2 goblin zombies (D:8)
  5 hobgoblin zombies (Ossuary)
  41 kobolds
  9 kobold skeletons (D:9)
  19 kobold zombies
  12 orc zombies (Ossuary)
  7 rats
  5 rat zombies (Ossuary)
436 creatures vanquished.

Vanquished Creatures (others)
  An orc (D:12)
1 creature vanquished.

Grand Total: 437 creatures vanquished

Notes
Turn   | Place    | Note
-------+----------+-------------------------------------------
     0 | D:1      | Ijustatesigmund the Octopode Venom Mage began the quest for
                  | the Orb.
     0 | D:1      | Reached XP level 1. HP: 11/11 MP: 3/3
   246 | D:1      | Found Zeicemoe's Assorted Antiques.
   248 | D:1      | Reached XP level 2. HP: 18/18 MP: 5/5
   251 | D:1      | Learned a level 2 spell: Poisonous Vapours
   272 | D:1      | Bought a scroll labelled DOUCZI FOPH for 26 gold pieces
   584 | D:1      | Reached skill level 1 in Fighting
   584 | D:1      | Reached skill level 4 in Poison Magic
  1350 | D:2      | Reached XP level 3. HP: 23/23 MP: 6/6
  1357 | D:2      | Learned a level 3 spell: Mephitic Cloud
  1739 | D:2      | Reached skill level 1 in Air Magic
  2538 | D:3      | Noticed Sigmund
  2545 | D:3      | Gained mutation: Your spells are a little easier to cast,
                  | but a little less powerful. [potion of mutation]
  2545 | D:3      | Gained mutation: A frigid envelope surrounds you and
                  | freezes all who hurt you. [potion of mutation]
  2545 | D:3      | Gained mutation: You possess an exceptional clarity of
                  | mind. [potion of mutation]
  2553 | D:3      | Killed Sigmund
  2554 | D:3      | Reached skill level 5 in Poison Magic
  2554 | D:3      | Reached XP level 4. HP: 5/28 MP: 3/8
  2554 | D:3      | Reached XP level 5. HP: 7/33 MP: 3/9
  2623 | D:3      | Learned a level 4 spell: Olgreb's Toxic Radiance
  2970 | D:3      | Reached XP level 6. HP: 24/38 MP: 7/11
  3170 | D:3      | Noticed Terence
  3179 | D:3      | Killed Terence
  3519 | D:3      | Noticed Natasha
  3525 | D:3      | Killed Natasha
  3552 | D:3      | Noticed Natasha
  3558 | D:3      | Killed Natasha
  3702 | D:3      | Found a runed translucent door.
  3703 | D:3      | Noticed Crazy Yiuf
  3716 | D:3      | Killed Crazy Yiuf
  3910 | D:3      | Noticed Natasha
  3915 | D:3      | Killed Natasha
  4176 | D:4      | Reached XP level 7. HP: 43/43 MP: 3/12
  4933 | D:4      | Learned a level 3 spell: Ignite Poison
  5310 | D:5      | Entered Level 5 of the Dungeon
  5311 | D:5      | Noticed Edmund
  5315 | D:5      | Killed Edmund
  5859 | D:5      | Noticed Dowan
  5860 | D:5      | Noticed Duvessa
  5867 | D:5      | Killed Duvessa
  5871 | D:5      | Killed Dowan
  6112 | D:5      | Reached XP level 8. HP: 43/52 MP: 7/14
  6325 | D:5      | Noticed Ijyb
  6330 | D:5      | Killed Ijyb
  7093 | D:6      | Found a staircase to the Ecumenical Temple.
  7116 | Temple   | Entered the Ecumenical Temple
  7281 | Temple   | Became a worshipper of Vehumet
  7377 | D:6      | Reached skill level 1 in Maces & Flails
  7377 | D:6      | Reached skill level 5 in Spellcasting
  8448 | D:6      | Reached skill level 1 in Evocations
  8448 | D:6      | Reached XP level 9. HP: 36/58 MP: 10/17
  8453 | D:6      | Learned a level 4 spell: Dispel Undead
  8821 | D:6      | Reached skill level 6 in Poison Magic
  9180 | D:6      | Noticed Pikel
  9205 | D:6      | Killed Pikel
 10640 | D:7      | Reached * piety under Vehumet
 10640 | D:7      | Offered knowledge of Magic Dart by Vehumet.
 10881 | D:7      | Noticed Menkaure
 10886 | D:7      | Killed Menkaure
 10887 | D:7      | Reached skill level 7 in Poison Magic
 11059 | D:7      | Reached XP level 10. HP: 64/64 MP: 10/19
 11810 | D:8      | Learned a level 1 spell: Magic Dart
 11819 | D:8      | Noticed a two-headed ogre
 11824 | D:8      | Killed a two-headed ogre
 11825 | D:8      | Reached skill level 5 in Conjurations
 11825 | D:8      | Reached skill level 5 in Necromancy
 11825 | D:8      | Reached skill level 5 in Air Magic
 11855 | D:8      | Identified the +1 leather armour of Purpose {rN++ Int+2}
 11882 | D:8      | Found a sand-covered staircase.
 11888 | Ossuary  | Entered an ossuary
 12874 | Ossuary  | Reached ** piety under Vehumet
 12941 | Ossuary  | Offered knowledge of Freeze by Vehumet.
 13161 | D:8      | Identified the +4 quarterstaff "Saefuly" {distort, *Slow
                  | rF+ Str+3}
 13738 | D:8      | Offered knowledge of Inner Flame by Vehumet.
 14199 | D:8      | Found a staircase to the Lair.
 14214 | D:8      | Reached skill level 8 in Poison Magic
 14621 | D:8      | Reached *** piety under Vehumet
 14969 | D:8      | Reached XP level 11. HP: 69/69 MP: 21/21
 15058 | D:9      | Found an ancient bone altar of Kikubaaqudgha.
 15137 | D:9      | Offered knowledge of Frozen Ramparts by Vehumet.
 15223 | D:9      | Noticed Grum
 15224 | D:9      | Noticed Erica
 15232 | D:9      | Killed Erica
 15236 | D:9      | Killed Grum
 15744 | D:1      | Bought a twisted malachite amulet for 130 gold pieces
 15744 | D:1      | Bought an encrusted scimitar for 234 gold pieces
 15744 | D:1      | Identified the +9 scimitar "Sesis" {freeze, Int+3 Dex+3}
                  | (You bought it in a shop on level 1 of the Dungeon)
 16430 | D:9      | Reached **** piety under Vehumet
 16431 | D:9      | Offered knowledge of Lee's Rapid Deconstruction by Vehumet.
 16491 | D:9      | Found an ancient bone altar of Kikubaaqudgha.
 16665 | D:10     | Entered Level 10 of the Dungeon
 17033 | D:10     | Reached skill level 1 in Shields
 17426 | D:10     | Identified the +1 trident of Kindness {flame, SInv}
 18379 | D:11     | Reached skill level 9 in Poison Magic
 18508 | D:11     | Found a staircase to the Orcish Mines.
 18623 | D:11     | Reached skill level 5 in Fighting
 18833 | D:11     | Reached XP level 12. HP: 38/77 MP: 23/23
 19160 | D:11     | Learned a level 5 spell: Fireball
 19219 | D:11     | Noticed a boulder beetle
 19231 | D:11     | Killed a boulder beetle
 19232 | D:11     | Reached skill level 1 in Fire Magic
 21743 | D:12     | Reached ***** piety under Vehumet
 21846 | D:12     | Noticed a boulder beetle
 21850 | D:12     | Killed a boulder beetle
 22382 | D:12     | Noticed a boulder beetle
 22388 | D:12     | Killed a boulder beetle
 22690 | D:12     | Reached skill level 10 in Poison Magic
 23205 | Lair:1   | Entered Level 1 of the Lair of Beasts
 23226 | Lair:1   | Offered knowledge of Airstrike by Vehumet.
 23227 | Lair:1   | Reached skill level 5 in Fire Magic
 23436 | D:8      | Learned a level 2 spell: Blink
 23805 | Lair:1   | Reached skill level 1 in Translocations
 23992 | Lair:1   | Reached XP level 13. HP: 73/81 MP: 20/25
 26861 | Lair:2   | Learned a level 6 spell: Starburst
 26884 | Lair:3   | Reached skill level 11 in Poison Magic
 26892 | Lair:3   | Identified the +8 dagger of Fyjymupn {flame, Contam Str+3
                  | Int+4}
 26899 | Lair:3   | Found a hole to the Spider Nest.
 26959 | Lair:3   | Found a gate leading to a gauntlet.
 26968 | Gauntlet | Entered a Gauntlet
 26968 | Gauntlet | Found a transporter.
 26968 | Gauntlet | Found a transporter.
 26991 | Gauntlet | Found a transporter.
 26993 | Gauntlet | Found a transporter.
 27007 | Gauntlet | Found a transporter.
 27023 | Gauntlet | Found a transporter.
 27032 | Gauntlet | Found a transporter.
 27050 | Gauntlet | Found a transporter.
 27095 | Gauntlet | Found a transporter.
 27111 | Gauntlet | Found a transporter.
 27296 | Gauntlet | Mangled by a shadow

Illustrated notes

Levels and vault maps discovered:
D:1:      dpeg_arrival_brainrot, layout_basic, serial_shops, shop,
          amethyst_killhole
D:2:      layout_basic
D:3:      layout_loops_ring, minmay_misc_feat_four_crosses, uniq_terence,
          uniq_sigmund, uniq_natasha, uniq_crazy_yiuf_cottage
D:4:      layout_basic
D:5:      layout_basic, uniq_duvessa, uniq_edmund, uniq_ijyb
D:6:      layout_basic, minmay_temple_entry_statues_fountains,
          minmay_hedge_maze, uniq_pikel
D:7:      layout_loops_corners, uniq_menkaure
D:8:      minmay_goldmine, layout_gridville, minmay_lair_entry_grove,
          nicolae_ossuary_entry_giza, minmay_misc_feat_plants
D:9:      wander_kiku_kobolds, layout_small_grid, mainiacjoe_overflow_alcove_4,
          hangedman_decor_riveting, uniq_erica, uniq_grum
D:10:     layout_basic, hangedman_abyss_or_decor_lesser_grid,
          amcnicky_mini_corridor_feature
D:11:     layout_basic, orc_0_dummy
D:12:     layout_roguey
Temple:   kilobyte_greek_temple
Lair:1:   layout_regular_city, nicolae_lair_grazing_beasts
          [nicolae_sub_lair_graze_edge, nicolae_sub_lair_graze_edge,
          nicolae_sub_lair_graze_edge, nicolae_sub_lair_graze_edge]
Lair:2:   layout_misc_corridors, beast_lair_carwin_11
Lair:3:   layout_regular_city, elwin_shoals_entry_rooms, spider_nest_entry_a,
          gauntlet_entry_generic, serial_bayou_shore_b, uniq_rupert
Gauntlet: gammafunk_gauntlet_shortcut [gammafunk_gauntlet_arena_split_x,
          nicolae_gauntlet_arena_grate_2, gammafunk_gauntlet_arena_grid,
          gammafunk_gauntlet_arena_open, gammafunk_gauntlet_arena_chambers,
          gammafunk_gauntlet_arena_crates, gauntlet_exit_green]

Skill      XL: |  1  2  3  4  5  6  7  8  9 10 11 12 13 |
---------------+----------------------------------------+-----
Fighting       | 1 3 4 5 |  5.0
Poison Magic   | 4 5 7 8 9 10 11 | 11.2
Air Magic      | 2 3 4 5 6 7 8 |  8.7
Spellcasting   | 3 4 5 6 7 8 9 |  9.4
Conjurations   | 2 3 4 5 6 7 8 |  8.8
Transmutations | 2 4 |  4.0
Maces & Flails | 2 3 4 |  4.2
Evocations     | 1 |  1.1
Necromancy     | 4 6 8 |  8.2
Dodging        | 3 |  3.9
Shields        | 2 |  2.2
Fire Magic     | 5 6 |  6.7
Translocations | 1 3 |  3.0
Stealth        | |  2.6

Action                     |  1- 3 |  4- 6 |  7- 9 | 10-12 | 13-15 || total
---------------------------+-------+-------+-------+-------+-------++-------
  Melee: Short sword       |    67 |     1 |       |       |       ||    68
         Constrict         |    20 |     9 |    15 |    38 |    12 ||    94
         Tentacles         |    13 |    11 |    14 |    43 |    20 ||   101
         Dagger            |       |    39 |    14 |       |       ||    53
         Punch             |       |     1 |     1 |     4 |     2 ||     8
         Dire flail        |       |       |    54 |   183 |    64 ||   301
   Cast: Poisonous Vapours |    26 |    19 |    38 |    46 |     8 ||   137
         Sting             |     4 |     5 |     4 |       |       ||    13
         Olgreb's Toxic Ra |       |     4 |    14 |    51 |    13 ||    82
         Mephitic Cloud    |       |     3 |     3 |    15 |     2 ||    23
         Ignite Poison     |       |       |    22 |    55 |    15 ||    92
         Magic Dart        |       |       |       |    94 |     5 ||    99
         Dispel Undead     |       |       |       |     9 |     7 ||    16
         Fireball          |       |       |       |     3 |     9 ||    12
  Evoke: Wand              |       |       |     4 |    22 |     6 ||    32
    Use: Scroll            |     4 |     5 |     6 |     8 |     2 ||    25
         Potion            |     4 |       |     1 |     4 |     2 ||    11
   Stab: Sleeping          |     2 |     2 |     2 |     4 |       ||    10
         Paralysed         |       |       |       |    20 |     7 ||    27
         Distracted        |       |       |       |       |     1 ||     1
 Armour: Skin              |     4 |       |     9 |    35 |     3 ||    51
  Dodge: Dodged            |    46 |    18 |    38 |   151 |    58 ||   311

Table legend: (Time is in decaauts)
 A = Elapsed time spent in this place.
 B = Non-inter-level travel time spent in this place.
 C = Inter-level travel time spent in this place.
 D = Time resting spent in this place.
 E = Time spent auto-exploring this place.
 F = Levels seen in this place.
 G = Mean time per level.
                   A        B        C        D        E       F      G
               +--------+--------+--------+--------+--------+-----+--------+
         Total |  27360 |  26084 |   1276 |  12147 |  11269 |  18 | 1520.0 |
       Dungeon |  22327 |  21143 |   1184 |  10013 |   9313 |  12 | 1860.6 |
        Temple |    203 |    134 |     69 |      0 |    129 |   1 |  203.0 |
          Lair |   3301 |   3280 |     21 |   1224 |   1599 |   3 | 1100.3 |
       Ossuary |   1199 |   1199 |      0 |    822 |    228 |   1 | 1199.0 |
      Gauntlet |    328 |    328 |      0 |     88 |      0 |   1 |  328.0 |
               +--------+--------+--------+--------+--------+-----+--------+

Top non-repeatable levels by time:
     D:7: 2683 daAuts
    D:12: 2509 daAuts
    D:11: 2340 daAuts
     D:8: 2322 daAuts
     D:5: 2204 daAuts
  Lair:2: 1996 daAuts
     D:6: 1833 daAuts
     D:3: 1769 daAuts
    D:10: 1680 daAuts
     D:1: 1371 daAuts
     D:9: 1217 daAuts
     D:4: 1216 daAuts
  Lair:1: 1212 daAuts
 Ossuary: 1199 daAuts
     D:2: 1180 daAuts
